 Dungeon Crawl Stone Soup version 0.19.0-24-gb05acd6 (webtiles) character file.

2543441 nubinia the Archmage (level 27, 185/185 HPs)
             Began as a High Elf Conjurer on Nov 15, 2016.
             Was the Champion of Ashenzari.
             Escaped with the Orb
             ... and 5 runes on Nov 21, 2016!
             The game lasted 17:08:01 (105549 turns).

nubinia the Archmage (High Elf Conjurer)          Turns: 105549, Time: 17:08:02

Health: 185/185    AC: 31    Str: 18    XL:     27
Magic:  52/64      EV: 38    Int: 27    God:    Ashenzari [******]
Gold:   2196       SH: 13    Dex: 29    Spells: 20 memorised, 7 levels left

rFire  + + .     SeeInvis +     w - +7 long sword "Tigu" {slice, +Blink rElec SInv} (curse)
rCold  + + .     Gourm    .     W - +4 faerie dragon scales {rF+ rC+} (curse)
rNeg   + . .     Faith    .     U - +2 buckler {rC+ rF+} (curse)
rPois  +         Spirit   .     b - +2 helmet of the Turtle {rN+ Str+4} (curse)
rElec  +         Reflect  .     a - +1 cloak of Qurem {MR+ MP+9} (curse)
rCorr  .         Harm     .     T - +2 pair of gloves {Str+3} (curse)
MR     ++++.     Clarity  +     P - +2 pair of boots {Stlth+} (curse)
Stlth  +++.......               K - amulet "Hiehe" {Regen+ Str+4} (curse)
                                t - ring of Robustness {AC+8} (curse)
                                F - ring of Zypayci {rPois EV+6 Dex+5} (curse)

@: very slightly contaminated, deflect missiles
A: magic resistance 1
a: Curse Item, Scrying, Transfer Knowledge, Renounce Religion, Evoke Blink
0: Orb of Zot
}: 5/15 runes: barnacled, slimy, silver, abyssal, gossamer


You escaped.
You worshipped Ashenzari.
Ashenzari was exalted by your worship.
You were not hungry.

You visited 12 branches of the dungeon, and saw 58 of its levels.
You visited the Abyss 2 times.
You visited 1 bazaar.
You visited 1 ziggurat, and saw 10 of its levels.
You also visited: Trove and Volcano.

You collected 9214 gold pieces.
You spent 7018 gold pieces at shops.

Inventory:

Hand Weapons
 w - the cursed +7 long sword "Tigu" (weapon) {slice, +Blink rElec SInv}
   (You took it off a yaktaur on level 5 of the Vaults)

   It inflicts extra damage upon your enemies.
   It insulates you from electricity.
   It lets you see invisible.
   It lets you blink.
   It has a curse placed upon it.
 H - the cursed +7 long sword of Laexaut {flame, +Fly}
   (You found it on level 1 of the Lair of Beasts)

   It has been specially enchanted to burn those struck by it, causing extra
   injury to most foes and up to half again as much damage against particularly
   susceptible opponents.
   Big, fiery blades are also staple armaments of hydra-hunters.
   It lets you fly.
   It has a curse placed upon it.
Armour
 a - the cursed +1 cloak of Qurem (worn) {MR+ MP+9}
   (You bought it in a shop on level 3 of the Elven Halls)

   It affects your resistance to hostile enchantments.
   It affects your magic capacity (+9).
   It has a curse placed upon it.
 b - the cursed +2 helmet of the Turtle (worn) {rN+ Str+4}
   (You found it on level 5 of the Vaults)

   It affects your strength (+4).
   It protects you from negative energy.
   It has a curse placed upon it.
 P - a cursed +2 pair of boots of stealth (worn)
 T - a cursed +2 pair of gloves of strength (worn)
 U - a cursed +2 buckler of resistance (worn)
 W - the cursed +4 faerie dragon scales (worn) {rF+ rC+}
   (You took it off the Enchantress on level 3 of the Depths)

   It protects you from fire.
   It protects you from cold.
   It has a curse placed upon it.
Jewellery
 t - the cursed ring of Robustness (right hand) {AC+8}
   (You found it on level 4 of the Depths)

   [ring of protection]

   It affects your AC (+8).
   It has a curse placed upon it.
 F - the cursed ring of Zypayci (left hand) {rPois EV+6 Dex+5}
   (You found it on level 5 of the Pits of Slime)

   [ring of evasion]

   It affects your evasion (+6).
   It affects your dexterity (+5).
   It protects you from poison.
   It has a curse placed upon it.
 K - the cursed amulet "Hiehe" (around neck) {Regen+ Str+4}
   (You took it off a vault warden on level 5 of the Vaults)

   [amulet of regeneration]

   It affects your strength (+4).
   It increases your rate of regeneration.
   It has a curse placed upon it.
Wands
 h - a wand of acid (6/15)
 m - a wand of hasting (5/9)
 n - a wand of lightning (5/15)
 q - a wand of heal wounds (5/9)
 r - a wand of hasting (5/9)
 D - a wand of acid (9/15)
 Q - a wand of iceblast (14/15)
 R - a wand of disintegration (5/24)
Scrolls
 d - 3 scrolls of fear
 g - 6 scrolls of recharging
 i - a scroll of silence
 j - 8 scrolls of teleportation
 l - 8 scrolls of blinking
 o - 4 scrolls of holy word
 p - 3 scrolls of summoning
 s - a scroll of fog
 v - 6 scrolls of identify
 V - 8 scrolls of remove curse
 Y - a scroll of magic mapping
Potions
 e - 4 potions of resistance
 f - a potion of invisibility
 B - a potion of haste
 E - 11 potions of brilliance
 G - 7 potions of agility
 I - 3 potions of curing
 O - 4 potions of cure mutation
 X - 7 potions of heal wounds
 Z - a potion of magic
Books
 k - a book of Transfigurations

   Spells                             Type                      Level
   a - Irradiate                      Conjuration/Transmutation    5
   b - Statue Form                    Transmutation/Earth          6
   c - Hydra Form                     Transmutation                6
   d - Dragon Form                    Transmutation                7
 z - the Incunabulum of Damage Dealing
   (You found it on level 7 of a ziggurat)

   Spells                             Type                      Level
   a - Magic Dart                     Conjuration                  1
   b - Throw Flame                    Conjuration/Fire             2
   c - Static Discharge               Conjuration/Air              3
   d - Bolt of Magma                  Conjuration/Fire/Earth       5
   e - Spellforged Servitor           Conjuration/Summoning        7
 J - Agariops's Tome of Spatial Feathers
   (You found it on level 9 of a ziggurat)

   Spells                             Type                      Level
   a - Shock                          Conjuration/Air              1
   b - Swiftness                      Charms/Air                   2
   c - Shroud of Golubria             Charms/Translocation         2
   d - Airstrike                      Air                          4
   e - Deflect Missiles               Charms/Air                   6
Miscellaneous
 u - a phial of floods
 x - 5 sacks of spiders
 A - a disc of storms
 C - a phantom mirror
 L - a fan of gales
 M - 5 boxes of beasts
 N - a lamp of fire
Comestibles
 c - 27 bread rations


   Skills:
 + Level 14.6 Fighting
   Level 7.7(13.1) Short Blades
 + Level 16.4(20.6) Long Blades
 + Level 6.0 Armour
 + Level 14.7(18.7) Dodging
 + Level 17.5(21.3) Stealth
 + Level 16.0(18.5) Shields
 O Level 27 Spellcasting
 + Level 19.5(23.0) Conjurations
   Level 6.8(11.3) Hexes
 + Level 15.4(19.4) Charms
 + Level 3.7(7.8) Summonings
 + Level 10.7(14.9) Necromancy
 + Level 2.6(6.3) Translocations
 + Level 3.0(6.8) Fire Magic
 + Level 20.4(23.9) Air Magic
 - Level 10.5(14.7) Earth Magic
 + Level 2.4(6.0) Evocations


You had 7 spell levels left.
You knew the following spells:

 Your Spells              Type           Power        Failure   Level  Hunger
a - Iskenderun's Mystic   Conj           ########     0%          4    None
b - Airstrike             Air            ########..   0%          4    None
c - Passage of Golubria   Tloc           N/A          1%          4    None
d - Bolt of Draining      Conj/Necr      #######...   0%          5    None
e - Summon Lightning Spi  Summ/Air       #######.     0%          4    None
f - Lightning Bolt        Conj/Air       ########..   0%          5    None
g - Shroud of Golubria    Chrm/Tloc      #######...   0%          2    None
h - Mephitic Cloud        Conj/Pois/Air  #######.     0%          3    None
i - Iskenderun's Battles  Conj/Chrm      ########     0%          5    None
k - Apportation           Tloc           ######....   1%          1    None
l - Lee's Rapid Deconstr  Erth           #######...   1%          5    None
m - Sticky Flame          Conj/Fire      #######.     1%          4    None
n - Blink                 Tloc           N/A          1%          2    None
r - Deflect Missiles      Chrm/Air       ########..   1%          6    None
s - Swiftness             Chrm/Air       ########     0%          2    None
A - Animate Dead          Necr           N/A          1%          4    None
C - Control Undead        Necr           #######...   1%          4    None
D - Dispel Undead         Necr           #######.     1%          5    None
R - Regeneration          Chrm/Necr      #######...   0%          3    None
S - Animate Skeleton      Necr           N/A          0%          1    None


Dungeon Overview and Level Annotations

Branches:
Dungeon (15/15)            Temple (1/1) D:5            Lair (6/6) D:11
 Shoals (4/4) Lair:4       Spider (4/4) Lair:4        Slime (5/5) Lair:5
    Orc (2/2) D:10            Elf (3/3) Orc:2        Vaults (5/5) D:14
  Crypt (3/3) Vaults:3       Tomb (0/3) Crypt:3      Depths (5/5) D:15
    Zot (5/5) Depths:5

Altars:
Ashenzari
Cheibriados
Dithmenos
Elyvilon
Fedhas
Gozag
Hepliaklqana
Kikubaaqudgha
Makhleb
Nemelex Xobeh
Okawaru
Qazlal
Ru
Sif Muna
Trog
Uskayaw
Vehumet
Xom
Yredelemnul
Zin
The Shining One
Jiyva

Shops:
D:6 =   D:10 %   D:12 *   D:13 *   Orc:2 [*(:   Elf:1 !   Elf:2 *   Elf:3 [
Vaults:2 *   Vaults:4 (   Depths:5 =}=

Portals:
Hell: Depths:1 Depths:2 Depths:3 Depths:4 Depths:5
Abyss: Depths:3 Depths:4 Depths:5
Pandemonium: Depths:3 Depths:5

Annotations:
Shoals:1 Nikola
Slime:5 Royal Jelly
Crypt:2 khufu!, Khufu, Mennas


Innate Abilities, Weirdness & Mutations

You are resistant to hostile enchantments. (MR+)


Message History

The orb of energy hits the Orb Guardian.
The Orb Guardian is almost dead.
The orb of energy explodes!
Unknown command.
Unknown command.
Unknown command.
Casting: Iskenderun's Mystic Blast
Confirm with . or Enter, or press ? or * to list all spells.
Aiming: Iskenderun's Mystic Blast
Press: ? - help, Shift-Dir - straight line, f/p - Orb Guardian
Aim: an Orb Guardian (almost dead)
The orb of energy misses the Orb Guardian.
Your battlesphere fires!
The barrage of energy hits the Orb Guardian.
You kill the Orb Guardian!
Your extra speed is starting to run out.
You feel yourself slow down.
HP restored.
There is a staircase leading out of the dungeon here.
You have escaped!

### ####### ..# #.....###
#####
.####.###...###...###
...##.#.............#
##....#.............##
#####....###...###†..#
.........#.....*@#...#
#####....#.......#...#
##.#.............##
####..#......#......#####
......#.............#...#
##.......#.......#....#.#
##.##....#>......#....#.#
...##....###...###....#.#
.....[#.............#.#.#


You could see a friendly battlesphere.

Vanquished Creatures
  Dissolution (Slime:1)
  7 orbs of fire
  The ghost of nht the Heavyweight Champion, a legendary TrBe of the Shining One (Zot:2)
  A pandemonium lord (Zig:4)
  4 ancient liches
  2 juggernauts
  Saint Roka (Vaults:2)
  A caustic shrike (Depths:4)
  6 curse toes
  A Killer Klown (Zot:5)
  Jory (Crypt:2)
  the Enchantress (Depths:3)
  A profane servitor (Zig:10)
  10 golden dragons
  Arachne (Spider:4)
  2 electric golems (Zot:5)
  13 tentacled monstrosities
  Jorgrun (Spider:4)
  22 Orb Guardians
  3 quicksilver dragons
  A Hell Sentinel (Abyss:2)
  7 liches
  17 acid blobs
  3 deep elf blademasters (Elf:3)
  2 deep elf master archers (Elf:3)
  2 titans (Vaults:5)
  4 sphinxes
  8 ancient champions
  12 death cobs
  2 Executioners
  3 tentacled starspawn
  8 tengu reavers
  4 draconian monks
  6 azure jellies
  9 shadow dragons
  13 storm dragons
  7 revenants
  5 fire giants
  2 draconian scorchers
  3 draconian knights
  4 iron dragons
  5 orc warlords
  8 vault wardens
  5 deep elf elementalists
  5 curse skulls
  12 deep elf sorcerers
  5 draconian zealots
  8 frost giants
  4 draconian annihilators
  3 emperor scorpions
  4 draconian shifters
  A balrug (Abyss:2)
  6 ghost moths
  5 reapers
  25 very ugly things
  3 spriggan defenders (Depths:3)
  10 ironheart preservers
  2 war gargoyles
  3 draconian callers
  A starcursed mass (Abyss:1)
  4 entropy weavers
  5 caustic shrike skeletons (Depths:3)
  8 vampire knights
  19 stone giants
  5 black draconians
  3 green draconians
  7 mottled draconians
  3 lorocyprocas
  6 deep elf demonologists
  7 red draconians
  8 deep elf annihilators (Elf:3)
  A dire elephant (Depths:3)
  10 purple draconians
  4 yellow draconians
  10 white draconians
  2 spark wasps
  11 deep elf death magi
  17 eidola
  4 ettins
  8 merfolk impalers
  2 blizzard demons
  10 fire dragons
  A minotaur (shapeshifter) (Elf:1)
  3 merfolk javelineers (Shoals:4)
  Josephine (Lair:4)
  3 death oozes
  9 great orbs of eyes
  13 yaktaur captains
  7 deep elf high priests
  A quicksilver dragon zombie (Crypt:3)
  Harold (Lair:1)
  11 ice dragons
  5 hydras
  26 vault guards
  8 rakshasas
  2 catoblepae
  6 spriggan air magi
  Erica (D:11)
  13 ogre magi
  A death knight (Crypt:1)
  4 merfolk aquamancers
  6 centaur warriors
  2 alligator snapping turtles
  An anaconda (Depths:3)
  A satyr (Shoals:3)
  The ghost of Frank the Basher, a journeyman GrGl of Makhleb (D:13)
  4 vampire magi
  7 merfolk avatars
  8 orc high priests
  11 tengu warriors
  8 deep troll shamans
  4 hell hogs
  17 death yaks
  5 deep troll earth magi
  6 spriggan berserkers
  29 dancing weapons
  6 thrashing horrors
  29 deep elf knights
  2 sun demons
  6 soul eaters
  A fire crab (Lair:5)
  8 iron trolls
  2 sixfirhies (Abyss:1)
  24 skeletal warriors
  6 hell knights
  7 wretched stars
  A death drake (Zig:8)
  2 anaconda zombies (Crypt:3)
  A golden dragon zombie (Crypt:3)
  5 shadow wraiths
  A torturous demonspawn (Zig:4)
  7 flayed ghosts
  An unseen horror (shapeshifter) (Vaults:3)
  6 spriggan druids
  Pikel (D:5)
  3 wizards
  An orange crystal statue (Elf:3)
  5 glowing orange brains
  8 sea snakes
  A kraken simulacrum (Shoals:4)
  25 deep elf archers
  3 unseen horrors
  27 deep trolls
  A glowing orange brain (shapeshifter) (Depths:1)
  2 obsidian statues
  17 necromancers
  3 swamp dragons (Zig:8)
  4 lindwurms (Depths:5)
  2 shadow dragon zombies
  5 hill giants
  12 phantasmal warriors
  20 harpies
  14 ironbrand convokers
  76 deep elf magi
  2 wolf spider zombies (Crypt:3)
  24 orc knights
  15 orb spiders
  36 wolf spiders
  2 frost giant zombies
  2 worldbinders
  A golden dragon skeleton (Crypt:3)
  An iron dragon zombie (Zig:7)
  7 large abominations
  12 fauns
  2 elephants (Lair:6)
  13 orc sorcerers
  15 cyclopes
  6 shining eyes
  12 manticores
  42 ugly things
  2 sphinx skeletons (Crypt:1)
  19 moths of wrath
  4 black mambas
  An ice statue (Zig:2)
  2 rust devils
  10 sirens
  3 fire giant skeletons
  6 water nymphs
  Joseph (D:8)
  A hell hog skeleton (Crypt:1)
  8 vault sentinels
  3 centaur zombies
  A torpor snail (Spider:2)
  3 smoke demons
  2 gargoyles
  2 orange demons
  An eye of devastation (Slime:5)
  An alligator snapping turtle zombie (Crypt:1)
  13 spiny frogs
  A rime drake (shapeshifter) (Vaults:2)
  7 freezing wraiths
  5 komodo dragons
  62 yaktaurs
  3 efreet
  A ghost moth simulacrum (Abyss:1)
  A yaktaur (shapeshifter) (Depths:2)
  10 tengu conjurers
  2 rime drakes
  A tormentor (Abyss:1)
  9 demonic crawlers
  13 hellwings (Crypt:3)
  A golden dragon simulacrum (Depths:2)
  An ice devil (Zig:7)
  3 red devils
  The ghost of Zorot the Chopper, an amateur HOMo (D:3)
  12 trolls
  2 spriggan skeletons (Zig:7)
  27 jumping spiders
  A merfolk (shapeshifter) (Depths:3)
  A meliai (shapeshifter) (D:13)
  10 merfolk
  4 meliai (Abyss:5)
  A queen bee (Abyss:5)
  11 wind drakes
  A queen bee (shapeshifter) (Vaults:2)
  A hydra skeleton (Crypt:3)
  5 polar bears
  A wind drake (shapeshifter) (Vaults:4)
  Prince Ribbit (D:6)
  3 dream sheep (Lair:6)
  2 wolf spider simulacra
  21 hornets
  4 raiju (Abyss:2)
  28 blink frogs
  32 two-headed ogres
  9 hippogriffs
  96 slime creatures
  8 snapping turtles
  A meliai zombie (D:10)
  A dream sheep (shapeshifter) (Depths:2)
  A spriggan zombie (Zig:5)
  12 flying skulls
  An ettin skeleton (Crypt:3)
  A redback (shapeshifter) (D:14)
  An alligator skeleton (Crypt:3)
  28 tarantellas
  2 vampires
  42 yaks
  31 spriggans
  7 air elementals
  7 small abominations
  An ushabti (Crypt:3)
  4 ynoxinuls
  70 redbacks
  15 wraiths
  A shadow (D:14)
  12 water elementals
  3 wyverns
  Grum (D:9)
  3 fire elementals
  10 golden eyes
  A hill giant skeleton (Crypt:2)
  3 steam dragons
  A soldier ant (shapeshifter) (Depths:4)
  3 hungry ghosts
  9 vampire mosquitoes
  2 neqoxecs
  2 mottled dragons
  15 wargs
  A merfolk zombie (Crypt:3)
  2 infernal demonspawn skeletons
  A hell hound (Volcano)
  13 water moccasins
  A floating eye (Depths:5)
  2 floating eyes (shapeshifter)
  A porcupine (shapeshifter) (Depths:3)
  8 porcupines
  58 orc warriors
  3 swamp drakes
  A slave (D:4)
  3 sky beasts
  4 ice beasts
  7 black bears
  An elephant zombie (Crypt:2)
  An eye of draining (shapeshifter) (Vaults:3)
  2 necrophages
  5 eyes of draining
  A blink frog zombie (Crypt:1)
  A hornet zombie (D:12)
  An ice dragon simulacrum (Crypt:3)
  2 ogres (shapeshifter)
  63 ogres
  3 phantoms
  An ettin simulacrum (Vaults:3)
  6 boggarts
  A swamp dragon zombie (Crypt:3)
  13 wolves
  13 centaurs
  16 crocodiles
  A snapping turtle skeleton (Crypt:1)
  A big kobold (shapeshifter) (Elf:1)
  25 bullfrogs
  2 hippogriff zombies (Shoals:2)
  A komodo dragon zombie (Crypt:1)
  A yaktaur skeleton (Crypt:1)
  A tengu simulacrum (Depths:1)
  A wyvern zombie (D:6)
  3 human skeletons
  5 earth elementals
  5 wyvern skeletons (Crypt:3)
  3 scorpions
  11 killer bees
  15 wights
  A howler monkey (D:5)
  4 electric eels
  9 crimson imps
  A human simulacrum (Vaults:4)
  2 quasits
  A jelly (D:5)
  2 bullfrog skeletons
  A two-headed ogre zombie (Crypt:2)
  32 orc priests
  A gnoll shaman (Orc:2)
  7 hounds
  35 orc wizards
  An iron imp (Abyss:1)
  Jessica (D:3)
  6 centaur skeletons
  Natasha (twice) (D:3)
  6 iguanas
  A hell rat (shapeshifter) (Vaults:3)
  18 worker ants
  A lightning spire (Zig:9)
  A felid zombie (Crypt:2)
  An ogre skeleton (Crypt:2)
  A dwarf skeleton (Crypt:2)
  A hound skeleton (D:5)
  A howler monkey zombie (D:11)
  A worker ant zombie (Crypt:2)
  Robin (D:4)
  7 gnolls
  13 adders
  A river rat (Lair:6)
  6 shadow imps
  3 white imps
  2 oozes
  An adder zombie (D:9)
  An adder skeleton (D:5)
  3 worms
  A dart slug (D:5)
  7 leopard geckos
  128 orcs
  4 bats
  2 bat zombies (Shoals:2)
  5 giant cockroaches
  18 goblins
  10 hobgoblins
  16 jackals
  9 kobolds
  4 quokkas
  5 ball pythons
  6 frilled lizards
  A jackal zombie (D:4)
  2 leopard gecko skeletons
  2 quokka zombies
  8 rats
  2 bushes (Depths:3)
  A fungus (Orc:2)
  A lurking horror (Abyss:1)
  A starspawn tentacle (Abyss:2)
  A withered plant (Crypt:3)
2730 creatures vanquished.

Vanquished Creatures (collateral kills)
  An ancient lich (Crypt:3)
  A Killer Klown (Zot:4)
  3 golden dragons
  A tentacled monstrosity (Vaults:5)
  2 liches
  An Orb Guardian (Zot:5)
  A quicksilver dragon (Zig:8)
  A deep elf blademaster (Elf:2)
  A sphinx (Vaults:5)
  3 death cobs
  Agnes (D:15)
  Polyphemus (Shoals:4)
  A shadow dragon (Depths:4)
  2 storm dragons
  3 tengu reavers
  Donald (Spider:1)
  4 draconian monks
  Ilsuiw (Shoals:4)
  A fire giant (Vaults:5)
  2 draconian scorchers
  An iron dragon (Vaults:5)
  4 vault wardens
  A draconian zealot (Depths:5)
  An emperor scorpion (Spider:4)
  A draconian shifter (Zot:5)
  A curse skull (Crypt:1)
  3 draconian annihilators
  9 very ugly things
  9 ironheart preservers
  2 spriggan defenders (Depths:3)
  9 stone giants
  A caustic shrike skeleton (Depths:3)
  3 reapers
  An entropy weaver (Vaults:5)
  2 black draconians (Depths:5)
  A juggernaut skeleton (Depths:2)
  A deep elf annihilator (Elf:3)
  2 yellow draconians
  A deep elf demonologist (Elf:3)
  3 green draconians
  3 mottled draconians
  6 purple draconians
  2 white draconians
  A merfolk javelineer (Zig:6)
  A red draconian (Depths:5)
  2 ettins (Depths:2)
  3 yaktaur captains
  3 merfolk impalers
  2 crystal guardians
  3 fire dragons
  A mummy priest (Crypt:3)
  2 deep elf death magi
  3 deep elf high priests
  2 rakshasas
  10 vault guards
  A hell beast (Depths:1)
  2 spriggan air magi
  3 ice dragons
  3 great orbs of eyes (Depths:2)
  3 merfolk avatars
  3 centaur warriors
  A catoblepas (Lair:6)
  2 death knights
  4 merfolk aquamancers
  7 ogre magi
  3 deep troll shamans (Depths:4)
  A satyr (Shoals:4)
  13 death yaks
  A tengu warrior (Depths:3)
  A hell hog (Abyss:1)
  3 deep troll earth magi
  6 hell knights
  A spriggan berserker (Depths:5)
  5 deep elf knights
  4 soul eaters
  A titan skeleton (Vaults:5)
  7 skeletal warriors
  4 iron trolls
  A torturous demonspawn (Depths:5)
  A spriggan druid (Depths:3)
  A wizard (Vaults:3)
  10 deep trolls
  2 hill giants
  3 sea snakes
  13 harpies
  A deep elf archer (Vaults:1)
  2 lindwurms (Depths:5)
  3 ironbrand convokers
  A phantasmal warrior (Vaults:4)
  3 orc knights
  3 necromancers
  17 ugly things
  8 deep elf magi
  An orb spider (Spider:3)
  4 moths of wrath
  7 fauns
  6 wolf spiders
  A frost giant zombie (Depths:2)
  5 manticores
  2 cyclopes
  2 sirens (Shoals:3)
  2 rust devils
  A centaur zombie (D:14)
  A frost giant skeleton (Crypt:3)
  5 vault sentinels
  A guardian serpent (shapeshifter) (Vaults:4)
  2 water nymphs
  2 spiny frogs
  A smoke demon (Depths:5)
  2 centaur skeletons (D:15)
  A redback zombie (D:13)
  A yaktaur (shapeshifter) (Vaults:2)
  16 yaktaurs
  A komodo dragon (Lair:2)
  An ice devil (Zig:5)
  2 freezing wraiths
  A guardian mummy (Crypt:3)
  A tengu simulacrum (Vaults:4)
  12 merfolk
  3 jumping spiders
  2 polar bears (Lair:2)
  8 two-headed ogres
  3 harpy zombies
  2 wind drakes
  8 hornets
  6 slime creatures
  8 dream sheep
  2 ettin zombies
  A frost giant simulacrum (Vaults:4)
  A dream sheep (shapeshifter) (Vaults:4)
  2 hippogriffs
  2 snapping turtles
  2 air elementals
  4 redbacks
  A tarantella (Vaults:4)
  13 water elementals
  6 yaks
  12 spriggans
  4 wraiths
  A wyvern (D:15)
  2 basilisks
  A vampire mosquito (D:15)
  4 wargs
  A mottled dragon (Vaults:2)
  A spiny frog zombie (Crypt:3)
  3 swamp drakes
  20 orc warriors
  An eye of draining (D:10)
  An ice beast (D:13)
  A black bear (Lair:2)
  16 ogres
  2 wolves (Lair:2)
  2 boggarts (Depths:3)
  7 centaurs
  3 crocodiles
  A bullfrog (D:15)
  A glowing shapeshifter simulacrum (Vaults:2)
  An earth elemental (Elf:1)
  6 wyvern skeletons (Crypt:3)
  An elf simulacrum (Vaults:2)
  6 wights
  4 orc priests
  2 iron imps (Zig:5)
  An orc wizard (D:12)
  A worker ant (D:13)
  A mummy (Crypt:3)
  A shadow imp (D:9)
  2 white imps (Zig:7)
  25 orcs
  A bat zombie (Shoals:2)
  A kobold skeleton (Crypt:1)
  An orc zombie (Crypt:3)
  2 plants (Shoals:4)
  A tentacle (Shoals:4)
576 creatures vanquished.

Vanquished Creatures (others)
  A fire giant (Depths:4)
  An ironheart preserver (Vaults:5)
  An ettin (Depths:2)
  2 merfolk javelineers (Shoals:4)
  3 yaktaur captains
  A satyr (Shoals:4)
  3 deep elf archers
  An orb spider (Spider:4)
  A lindwurm (Lair:6)
  An ugly thing (Depths:2)
  A deep elf mage (Vaults:4)
  A cyclops (Vaults:1)
  A faun (Shoals:4)
  An iron dragon skeleton (Vaults:5)
  4 moths of wrath
  9 yaktaurs
  A redback (Spider:1)
  2 centaurs
  An ogre (Vaults:1)
  A bullfrog (D:12)
  An adder (D:3)
  An adder zombie (D:5)
  2 orcs
  A giant cockroach zombie (D:5)
  3 bushes
  25 fungi
  49 plants
  5 starspawn tentacles
  3 tentacles (Shoals:4)
  25 withered plants (Crypt:3)
152 creatures vanquished.

Grand Total: 3458 creatures vanquished

Notes
Turn   | Place    | Note
-------+----------+-------------------------------------------
     0 | D:1      | nubinia the High Elf Conjurer began the quest for the Orb.
     0 | D:1      | Reached XP level 1. HP: 11/11 MP: 4/4
   195 | D:1      | Reached XP level 2. HP: 15/17 MP: 0/6
   337 | D:1      | Reached skill level 5 in Conjurations
   856 | D:2      | Reached XP level 3. HP: 21/21 MP: 5/7
   861 | D:2      | Learned a level 3 spell: Dazzling Spray
  1412 | D:2      | Reached XP level 4. HP: 22/27 MP: 7/9
  1911 | D:3      | Noticed Robin
  2072 | D:3      | Reached skill level 3 in Spellcasting
  2128 | D:3      | Noticed Zorot's ghost (amateur HOMo)
  2182 | D:2      | Upgraded the game from 0.19.0-19-g8c6edcc to 0.19.0-20-gbc5f0c6
  2183 | D:3      | Noticed a centaur
  2189 | D:3      | Reached skill level 1 in Short Blades
  2189 | D:3      | Reached XP level 5. HP: 23/31 MP: 0/10
  2192 | D:3      | Killed a centaur
  2582 | D:2      | Learned a level 4 spell: Iskenderun's Mystic Blast
  2588 | D:3      | Reached XP level 6. HP: 26/37 MP: 7/12
  2622 | D:3      | Noticed Natasha
  2626 | D:3      | Killed Natasha
  3251 | D:4      | Found Zin's Purification Station.
  3284 | D:4      | Found a glowing silver altar of Zin.
  3627 | D:3      | Noticed Jessica
  3637 | D:4      | Killed Robin
  3702 | D:3      | Killed Jessica
  3810 | D:3      | Noticed Natasha
  3813 | D:3      | Killed Natasha
  3813 | D:3      | Reached skill level 4 in Spellcasting
  3900 | D:5      | Entered Level 5 of the Dungeon
  4155 | D:5      | Reached skill level 1 in Hexes
  4155 | D:5      | Reached XP level 7. HP: 35/42 MP: 6/14
  4568 | D:5      | Reached skill level 1 in Fighting
  4672 | D:5      | Found a hazy altar of Hepliaklqana.
  4683 | D:5      | Found a staircase to the Ecumenical Temple.
  4692 | Temple   | Entered the Ecumenical Temple
  4835 | Temple   | Became a worshipper of Ashenzari the Shackled
  4898 | D:5      | Reached skill level 5 in Spellcasting
  5330 | D:5      | Noticed Pikel
  5609 | D:5      | Reached XP level 8. HP: 48/48 MP: 12/17
  6403 | D:6      | Noticed Prince Ribbit
  6406 | D:6      | Killed Prince Ribbit
  6406 | D:6      | Reached skill level 5 in Short Blades
  6406 | D:6      | Reached skill level 5 in Stealth
  6516 | D:6      | Learned a level 5 spell: Iskenderun's Battlesphere
  6517 | D:6      | Found a sacrificial altar of Ru.
  6528 | D:6      | Reached skill level 1 in Charms
  6794 | D:6      | Found a radiant altar of Vehumet.
  6988 | D:6      | Found a shadowy altar of Dithmenos.
  7118 | D:6      | Reached skill level 5 in Charms
  7266 | D:6      | Found Ziex's Jewellery Emporium.
  7502 | D:6      | Reached * piety under Ashenzari
  7635 | D:5      | HP: 2/50 [slave[Pikel] (8)]
  7636 | D:5      | Killed Pikel
  7636 | D:5      | Reached XP level 9. HP: 2/54 MP: 4/18
  8480 | D:7      | Reached skill level 6 in Spellcasting
  9035 | D:7      | Reached ** piety under Ashenzari
  9499 | D:8      | Found a deep blue altar of Sif Muna.
  9524 | D:8      | Reached skill level 7 in Spellcasting
  9863 | D:6      | Bought an uncursed amulet of regeneration for 450 gold pieces
 10167 | D:8      | Noticed Joseph
 10171 | D:8      | Killed Joseph
 10171 | D:8      | Reached XP level 10. HP: 42/61 MP: 2/22
 10398 | D:8      | Learned a level 4 spell: Airstrike
 10429 | D:8      | Reached skill level 1 in Air Magic
 10627 | D:9      | Noticed a purple ugly thing
 10693 | D:9      | Killed a purple ugly thing
 10699 | D:9      | Learned a level 4 spell: Summon Lightning Spire
 10879 | D:9      | Reached skill level 1 in Summonings
 10973 | D:9      | Noticed Grum
 10985 | D:9      | Killed Grum
 11461 | D:10     | Entered Level 10 of the Dungeon
 11606 | D:10     | Found a staircase to the Orcish Mines.
 12106 | D:10     | Reached skill level 8 in Spellcasting
 12193 | D:10     | Noticed a cyclops
 12229 | D:10     | Reached *** piety under Ashenzari
 12277 | D:10     | Gained mutation: You are frail. (-10% HP) [potion of mutation]
 12277 | D:10     | Gained mutation: You possess an exceptional clarity of mind. [potion of mutation]
 12277 | D:10     | Gained mutation: Your mind is acute. (Int +2) [potion of mutation]
 12278 | D:10     | Lost mutation: Your mind is acute. (Int +2) [potion of cure mutation]
 12278 | D:10     | Lost mutation: You are frail. (-10% HP) [potion of cure mutation]
 12278 | D:10     | Lost mutation: You possess an exceptional clarity of mind. [potion of cure mutation]
 12581 | D:10     | Found Umacif's Food Shop.
 12885 | D:11     | Noticed a cyclops
 12928 | D:11     | Noticed a hill giant
 12936 | D:11     | Killed a hill giant
 12936 | D:11     | Reached XP level 11. HP: 67/67 MP: 13/24
 13078 | D:11     | Noticed Erica
 13084 | D:11     | Killed Erica
 13171 | D:11     | Noticed an unseen horror
 13186 | D:11     | Killed an unseen horror
 13320 | D:11     | Noticed a seven-headed hydra
 13323 | D:11     | Killed a seven-headed hydra
 13323 | D:11     | Reached skill level 5 in Dodging
 13323 | D:11     | Reached skill level 9 in Spellcasting
 13433 | D:11     | Found a staircase to the Lair.
 13754 | D:11     | Noticed a cyan ugly thing
 13759 | D:11     | Killed a cyan ugly thing
 13764 | D:11     | Gained mutation: You are resistant to hostile enchantments. (MR+) [mutagenic meat]
 14178 | D:11     | Noticed a hill giant
 14183 | D:11     | Killed a hill giant
 14238 | D:11     | Reached skill level 10 in Conjurations
 14416 | D:11     | Learned a level 6 spell: Deflect Missiles
 14423 | Lair:1   | Entered Level 1 of the Lair of Beasts
 14501 | Lair:1   | Reached skill level 10 in Charms
 14862 | Lair:1   | Noticed Harold
 14868 | Lair:1   | Killed Harold
 14868 | Lair:1   | Reached skill level 10 in Spellcasting
 14868 | Lair:1   | Reached skill level 5 in Air Magic
 15133 | Lair:1   | Reached **** piety under Ashenzari
 15149 | Lair:1   | Identified the +7 long sword of Laexaut {flame, +Fly}
 15466 | Lair:2   | Reached XP level 12. HP: 71/72 MP: 19/27
 16121 | Lair:2   | Reached skill level 11 in Spellcasting
 16608 | Lair:2   | Reached skill level 1 in Evocations
 17406 | Lair:3   | Reached skill level 1 in Shields
 17487 | Lair:3   | Reached ***** piety under Ashenzari
 18036 | Lair:2   | Reached skill level 5 in Shields
 18643 | Lair:3   | Noticed a catoblepas
 18649 | Lair:3   | Killed a catoblepas
 18856 | Lair:4   | Noticed a death yak
 18857 | Lair:4   | Noticed a death yak
 18862 | Lair:4   | Noticed a death yak
 18862 | Lair:4   | Noticed a death yak
 18863 | Lair:4   | Noticed a death yak
 18865 | Lair:4   | Noticed a death yak
 18866 | Lair:4   | Killed a death yak
 18866 | Lair:4   | Reached XP level 13. HP: 78/78 MP: 14/29
 19053 | Lair:4   | Found a dark tunnel.
 19067 | Lair:4   | Gained mutation: You have sharp toenails. [potion of beneficial mutation]
 19069 | Volcano  | Entered a volcano
 20174 | Lair:4   | Noticed Josephine
 20176 | Lair:4   | Killed Josephine
 20359 | Lair:4   | Found a hole to the Spider Nest.
 20414 | Lair:4   | Found a staircase to the Shoals.
 20502 | Lair:4   | Reached skill level 12 in Spellcasting
 20597 | Lair:4   | Gained mutation: You evolve. [potion of beneficial mutation]
 21441 | Lair:5   | Found a viscous altar of Jiyva.
 21442 | Lair:5   | Found a staircase to the Slime Pits.
 21672 | Lair:5   | Identified the +0 trident "Doeh" {holy, rC+}
 22119 | Lair:6   | Entered Level 6 of the Lair of Beasts
 22119 | Lair:6   | Reached ****** piety under Ashenzari
 23210 | Lair:6   | Reached XP level 14. HP: 84/84 MP: 22/31
 23704 | Lair:6   | Reached skill level 13 in Spellcasting
 23829 | Lair:6   | Gained mutation: You tend to lose your temper in combat. [evolution]
 23984 | Lair:6   | Learned a level 3 spell: Conjure Flame
 23988 | Lair:6   | Learned a level 3 spell: Mephitic Cloud
 23993 | Lair:6   | Learned a level 4 spell: Cause Fear
 24701 | Orc:1    | Entered Level 1 of the Orcish Mines
 24720 | Orc:1    | Noticed an orc warlord
 24767 | D:10     | Killed an orc warlord
 25059 | Orc:2    | Entered Level 2 of the Orcish Mines
 25274 | Orc:2    | Noticed an orc warlord
 25396 | D:10     | Killed an orc warlord
 25530 | Orc:1    | Reached skill level 5 in Hexes
 25714 | Orc:2    | Found Pevon's Antique Weapon Shoppe.
 25734 | Orc:2    | Found a staircase to the Elven Halls.
 25740 | Orc:2    | Found Quomeske's Book Emporium.
 25953 | Orc:2    | Bought a book of Cantrips for 240 gold pieces
 25955 | Orc:2    | Learned a level 1 spell: Animate Skeleton
 26015 | Orc:2    | Found a bloodstained altar of Trog.
 26507 | Orc:2    | Found Rilysicu's General Store.
 26520 | Orc:2    | Bought a scroll of remove curse for 42 gold pieces
 27040 | Orc:2    | Found Iruqim's Antique Armour Shop.
 27495 | Orc:1    | Reached skill level 14 in Spellcasting
 28169 | D:11     | Gained mutation: You regenerate slowly when monsters are visible. [evolution]
 28320 | D:12     | Found Mukkyudism's General Store.
 28348 | D:12     | Bought a scroll of remove curse for 45 gold pieces
 28472 | D:12     | Reached XP level 15. HP: 66/90 MP: 19/34
 28679 | D:12     | Found a portal to a secret trove of treasure.
 28907 | D:13     | Found a sacrificial altar of Ru.
 29344 | D:13     | Noticed Frank's ghost (journeyman GrGl)
 29456 | D:13     | Killed Frank's ghost
 29633 | D:13     | Found Cogeur's Assorted Antiques.
 29708 | D:13     | Reached skill level 1 in Necromancy
 29736 | D:13     | Learned a level 3 spell: Ozocubu's Armour
 29738 | D:13     | Learned a level 1 spell: Apportation
 30278 | Elf:1    | Entered Level 1 of the Elven Halls
 30637 | Elf:1    | Found Aruck's Distillery.
 30982 | Elf:1    | Reached skill level 10 in Shields
 31559 | Elf:1    | Reached skill level 15 in Spellcasting
 32597 | Shoals:1 | Entered Level 1 of the Shoals
 33247 | Shoals:1 | Reached XP level 16. HP: 71/97 MP: 2/36
 33464 | Shoals:1 | Noticed Nikola
 33929 | Shoals:2 | Reached skill level 16 in Spellcasting
 36130 | Shoals:3 | Gained mutation: You have razor-sharp toenails. [evolution]
 36813 | Orc:2    | Bought a fine morningstar for 225 gold pieces
 36813 | Orc:2    | Identified the +8 morningstar of the Fool {crush, rPois} (You bought it in a shop on level 2 of the Orcish Mines)
 37245 | Spider:1 | Entered Level 1 of the Spider Nest
 37399 | Spider:1 | Noticed Donald
 37412 | Spider:1 | Killed Donald
 37683 | Spider:1 | Reached skill level 17 in Spellcasting
 38331 | Spider:1 | Reached skill level 10 in Stealth
 38708 | Spider:1 | Reached skill level 5 in Fighting
 39667 | Spider:2 | Reached XP level 17. HP: 68/103 MP: 8/39
 39839 | Spider:2 | Identified the +2 leather armour of the Dwarven Hall {rF- rN+++ Str-5 Stlth+}
 40996 | Spider:3 | SaintRoka: hello
 40996 | Spider:3 | SaintRoka: hello! can you read this?
 40996 | Spider:3 | Eyesburn: e: 87209.7 (0.6)
 40996 | Spider:3 | SaintRoka: e: 88212.5 (1.0)
 40996 | Spider:3 | SaintRoka: e: 88020.3 (0.6)
 40996 | Spider:3 | yes
 41006 | Spider:3 | Reduced skill Summonings to level 1
 41702 | Spider:4 | Entered Level 4 of the Spider Nest
 41702 | Spider:4 | Noticed Jorgrun
 41706 | Spider:4 | Killed Jorgrun
 42468 | Spider:4 | Reached skill level 10 in Air Magic
 43031 | Orc:2    | Bought the Collected Works on Mutagenic Darkness for 669 gold pieces
 43035 | Orc:2    | Learned a level 3 spell: Regeneration
 43041 | Orc:2    | Learned a level 5 spell: Dispel Undead
 43554 | Spider:4 | Noticed Arachne
 43567 | Spider:4 | Killed Arachne
 43751 | Spider:4 | Reached skill level 10 in Short Blades
 44009 | Spider:4 | Reached skill level 15 in Conjurations
 44728 | Spider:4 | Reached skill level 18 in Spellcasting
 44883 | Spider:4 | Paralysed by a hornet for 1 turns
 45056 | Spider:4 | Got a gossamer rune of Zot
 45448 | D:14     | Found a gate to the Vaults.
 45549 | D:14     | Found a stormy altar of Qazlal.
 46169 | D:14     | Reached XP level 18. HP: 117/117 MP: 41/41
 46207 | D:14     | Reached XP level 19. HP: 122/122 MP: 36/42
 46528 | D:11     | Learned a level 5 spell: Fireball
 46796 | D:3      | Killed Zorot's ghost
 47394 | Vaults:1 | Entered Level 1 of the Vaults
 47773 | Vaults:1 | Gained mutation: You are partially covered in iridescent scales. (AC +2) [evolution]
 49284 | Orc:2    | Bought a runed long sword for 237 gold pieces
 49284 | Orc:2    | Bought a runed scimitar for 250 gold pieces
 49904 | Vaults:1 | Reached skill level 10 in Short Blades
 49921 | Vaults:1 | Reached skill level 5 in Long Blades
 50791 | Vaults:2 | Reached skill level 19 in Spellcasting
 50849 | Vaults:2 | Found Juehuat's General Store.
 50854 | Vaults:2 | Bought a scroll of remove curse for 63 gold pieces
 51888 | Shoals:4 | Entered Level 4 of the Shoals
 51888 | Shoals:4 | Identified the +2 robe of Indecent Exposure {Str-2 Dex+7}
 52131 | Shoals:3 | Reached XP level 20. HP: 130/130 MP: 42/44
 52421 | Shoals:4 | Learned a level 4 spell: Animate Dead
 52469 | Shoals:4 | Got a barnacled rune of Zot
 52607 | Shoals:4 | Noticed Polyphemus
 52636 | Shoals:4 | Reached skill level 1 in Summonings
 52664 | Shoals:4 | Killed Polyphemus
 52763 | Shoals:4 | Lost mutation: You have razor-sharp toenails. [evolution]
 52941 | Shoals:4 | Noticed Ilsuiw
 53252 | Shoals:4 | Identified 2 scrolls of acquirement
 53253 | Shoals:4 | Identified the cursed +3 scale mail "Kom Woi" {Str+3 Slay+4 Stlth-} (You acquired it on level 4 of the Shoals)
 53820 | Shoals:4 | Killed Ilsuiw
 54085 | Elf:2    | Found Qurafius's General Store.
 54134 | Elf:2    | Identified the +2 long sword "Weifuu" {freeze, rPois}
 54364 | Elf:2    | Reached skill level 5 in Necromancy
 54677 | Elf:2    | Found a large runed door.
 54677 | Elf:2    | Found a large runed door.
 54701 | Elf:2    | Found a large runed door.
 54701 | Elf:2    | Found a large runed door.
 55529 | Elf:2    | Reached skill level 20 in Spellcasting
 55891 | Elf:3    | Entered Level 3 of the Elven Halls
 56039 | Elf:3    | Identified the +2 ring mail of the Morning {rPois Dex+4}
 56073 | Elf:3    | Found Rioklan's Antique Armour Shop.
 56078 | Elf:3    | Bought pitted mottled dragon scales for 1215 gold pieces
 56078 | Elf:3    | Identified the +5 mottled dragon scales of Freedom {MR+ SInv} (You bought it in a shop on level 3 of the Elven Halls)
 56078 | Elf:3    | Bought an ichor-stained cloak for 256 gold pieces
 56078 | Elf:3    | Identified the +1 cloak of Qurem {MR+ MP+9} (You bought it in a shop on level 3 of the Elven Halls)
 56143 | Elf:3    | Reached skill level 10 in Long Blades
 57012 | Elf:3    | Reached XP level 21. HP: 126/136 MP: 41/46
 58278 | Elf:3    | Identified the cursed +2 hand axe of Generosity {flame, rF+ Dex+5} (You took it off a deep elf mage on level 3 of the Elven Halls)
 58283 | Elf:3    | Reached skill level 21 in Spellcasting
 58322 | Elf:3    | Identified the +2 robe "Hoxtim" {MR+ Str+8 Int-5 Dex+6} (You took it off a deep elf demonologist on level 3 of the Elven Halls)
 58376 | Elf:3    | Identified the +6 quarterstaff "Omoycemp" {flame, rF+ rC+} (You took it off a deep elf demonologist on level 3 of the Elven Halls)
 58630 | Elf:3    | Identified Xilips's Grimoire of Good Luck and Stones
 58637 | Elf:3    | Learned a level 4 spell: Control Undead
 58644 | Elf:3    | Identified the Guide on Envenoming and Clay
 58655 | Elf:3    | Learned a level 2 spell: Shroud of Golubria
 60004 | Vaults:3 | Noticed Saint Roka
 60276 | Vaults:2 | Gained mutation: Your system is resistant to poisons. (rPois) [evolution]
 60342 | Vaults:2 | Killed Saint Roka
 60760 | Vaults:3 | Reached skill level 10 in Fighting
 61012 | Vaults:3 | Reached skill level 15 in Air Magic
 61234 | Vaults:3 | Found a gateway to a bazaar.
 61262 | Bazaar   | Entered a bazaar
 61262 | Bazaar   | Found Velug's Weapon Emporium.
 61262 | Bazaar   | Found Pyere's Assorted Antiques.
 61262 | Bazaar   | Found Cenaitoo's Distillery.
 61262 | Bazaar   | Found Fuqaej's Distillery.
 61262 | Bazaar   | Found Civ Qeumugy's Distillery.
 61272 | Bazaar   | Bought a potion of curing for 48 gold pieces
 61274 | Bazaar   | Bought a potion of curing for 45 gold pieces
 61280 | Bazaar   | Bought a scroll of enchant weapon for 90 gold pieces
 61282 | Bazaar   | Bought a potion of experience for 650 gold pieces
 61282 | Bazaar   | Reached XP level 22. HP: 146/146 MP: 48/48
 62323 | Vaults:3 | Found a staircase to the Crypt.
 62323 | Vaults:3 | Found an ancient bone altar of Kikubaaqudgha.
 62324 | Vaults:3 | Found a basalt altar of Yredelemnul.
 62525 | Crypt:1  | Entered Level 1 of the Crypt
 62560 | Crypt:1  | Reached XP level 23. HP: 152/152 MP: 33/49
 62602 | Crypt:1  | Found a basalt altar of Yredelemnul.
 64380 | Crypt:2  | Found a basalt altar of Yredelemnul.
 64389 | Crypt:2  | Reached skill level 22 in Spellcasting
 64758 | Crypt:2  | Noticed Jory
 64806 | Crypt:2  | Killed Jory
 65037 | Crypt:2  | Noticed Mennas
 65258 | Crypt:2  | Noticed Khufu
 65261 | Crypt:2  | Noticed a greater mummy
 65569 | Crypt:1  | Upgraded the game from 0.19.0-20-gbc5f0c6 to 0.19.0-22-gd96e5fe
 66127 | Crypt:3  | Entered Level 3 of the Crypt
 67107 | Crypt:3  | Found an ancient bone altar of Kikubaaqudgha.
 67728 | Crypt:3  | Identified the +11 mace "Ultimatum" {drain, Str+4}
 67807 | Crypt:3  | Learned a level 2 spell: Swiftness
 68416 | Crypt:3  | Noticed an ancient lich
 68418 | Crypt:3  | Killed an ancient lich
 68418 | Crypt:3  | Reached skill level 1 in Fire Magic
 68854 | Crypt:3  | Found a staircase to the Tomb.
 70528 | Vaults:4 | Found Wudera's Antique Weapon Emporium.
 70555 | Vaults:4 | Reached XP level 24. HP: 95/156 MP: 19/50
 70959 | Vaults:4 | Reached skill level 23 in Spellcasting
 71679 | Vaults:4 | Identified the cursed +1 quarterstaff of Calamity {flame, rN+}
 72144 | D:15     | Entered Level 15 of the Dungeon
 72144 | D:15     | Noticed Agnes
 72149 | D:15     | Killed Agnes
 72422 | D:15     | Found a staircase to the Depths.
 72991 | Depths:1 | Entered Level 1 of the Depths
 73729 | Depths:1 | Found a gateway to Hell.
 75703 | Depths:3 | Found a one-way gate to the infinite horrors of the Abyss.
 75811 | Depths:3 | Reached XP level 25. HP: 160/162 MP: 21/51
 76988 | Elf:1    | Bought a potion of curing for 36 gold pieces
 77185 | D:4      | Bought a potion of curing for 90 gold pieces
 77361 | D:12     | You paid a toll of 20 potions of curing to enter a treasure trove
 77362 | Trove    | Entered a treasure trove
 77748 | Depths:3 | Noticed the Enchantress
 77874 | Depths:3 | Identified the +8 dagger "Daga" {pierce, Str-5 Dex+2 Stlth+} (You took it off a spriggan air mage on level 3 of the Depths)
 77884 | Depths:3 | Identified the +5 dagger "Rouk" {flame, rC- Str+3 Dex+4} (You took it off a spriggan air mage on level 3 of the Depths)
 77945 | Depths:3 | Identified the +0 robe "Zudegiujid" {+Fly rElec Str-2} (You took it off a spriggan druid on level 3 of the Depths)
 77971 | Depths:3 | Reached skill level 24 in Spellcasting
 78043 | Depths:3 | Killed the Enchantress
 78043 | Depths:3 | Identified the +4 faerie dragon scales {rF+ rC+} (You took it off the Enchantress on level 3 of the Depths)
 78412 | Depths:3 | Reached skill level 1 in Armour
 78650 | Depths:3 | Found a bloodstained altar of Trog.
 78905 | Depths:3 | Identified the +1 cloak of Impatience {Dex+2 Stlth+}
 79016 | Depths:3 | Found a gateway to a ziggurat.
 79039 | Depths:3 | Found a one-way gate leading to the halls of Pandemonium.
 79693 | Depths:3 | Learned a level 5 spell: Lightning Bolt
 80542 | Depths:4 | Reached skill level 10 in Dodging
 81333 | Depths:4 | Identified the cursed ring "Ostategy" {Wiz rC+ Stlth+} (You acquired it on level 4 of the Depths)
 81500 | Depths:4 | Identified the Papyrus of Black Rituals and Fire
 81509 | Depths:4 | Learned a level 5 spell: Bolt of Draining
 81515 | Depths:4 | Learned a level 4 spell: Sticky Flame
 81524 | Depths:4 | Noticed a juggernaut
 81536 | Depths:4 | Killed a juggernaut
 82298 | Elf:3    | Bought jewelled quicksilver dragon scales for 1755 gold pieces
 82298 | Elf:3    | Identified the quicksilver dragon scales of the Arcane {MR+ SInv} (You bought it in a shop on level 3 of the Elven Halls)
 82668 | Vaults:4 | Bought a jewelled mace for 192 gold pieces
 82668 | Vaults:4 | Identified the +6 mace of Spores {drain, rF+ Dex+6} (You bought it in a shop on level 4 of the Vaults)
 82678 | Vaults:5 | Entered Level 5 of the Vaults
 82678 | Vaults:5 | Identified the +5 flail of Resumed Hostilities {flame, rF+}
 82757 | Vaults:4 | Reached skill level 15 in Stealth
 82886 | Vaults:4 | Reached XP level 26. HP: 137/171 MP: 3/52
 83199 | Vaults:5 | Reached skill level 10 in Necromancy
 83223 | Vaults:5 | Identified the amulet "Hiehe" {Regen+ Str+4} (You took it off a vault warden on level 5 of the Vaults)
 83440 | Vaults:4 | Identified the cursed +1 longbow of Wingum {freeze, MR+} (You took it off an ironheart preserver on level 4 of the Vaults)
 84014 | Vaults:5 | Reached skill level 25 in Spellcasting
 84168 | Vaults:5 | Identified Avawneij's Collected Works on Dislocated Hexes
 84176 | Vaults:5 | Identified the +2 helmet of the Turtle {rN+ Str+4} (You found it on level 5 of the Vaults)
 84594 | Vaults:5 | Got a silver rune of Zot
 84678 | Vaults:5 | Learned a level 2 spell: Blink
 84829 | Vaults:5 | Identified the +7 long sword "Tigu" {slice, +Blink rElec SInv} (You took it off a yaktaur on level 5 of the Vaults)
 84908 | Vaults:5 | Identified the Incunabulum of the Birds and Transformation
 85208 | Vaults:5 | Noticed an ancient lich
 85218 | Vaults:5 | Killed an ancient lich
 85292 | Vaults:5 | Identified the cursed +0 scale mail of the Trees {rF+ rCorr Str+4}
 85646 | Vaults:5 | Identified the Incunabulum of Earthen Toxins
 85654 | Vaults:5 | Learned a level 5 spell: Lee's Rapid Deconstruction
 86096 | Slime:1  | Entered Level 1 of the Pits of Slime
 86108 | Lair:5   | Reached skill level 1 in Earth Magic
 86275 | Slime:2  | Noticed Dissolution
 86283 | Slime:1  | Killed Dissolution
 86631 | Slime:5  | Entered Level 5 of the Pits of Slime
 86633 | Slime:5  | Lost mutation: You regenerate slowly when monsters are visible. [a shining eye]
 87142 | Slime:5  | Reduced skill Necromancy to level 5
 87142 | Slime:5  | Reached XP level 27. HP: 178/178 MP: 24/53
 87271 | Slime:5  | Identified the +4 plate armour of Parts Unknown {Str+3 SInv}
 87278 | Slime:5  | Got a slimy rune of Zot
 87472 | Slime:5  | Identified the amulet "Dudyecso" {Harm *Drain Int+3}
 87638 | Slime:5  | Reached skill level 10 in Earth Magic
 87745 | Slime:5  | Noticed the Royal Jelly
 88720 | Slime:2  | Gained mutation: You are clumsy. (Dex -2) [a shining eye]
 89041 | Slime:5  | Found a viscous altar of Jiyva.
 89048 | Slime:5  | Identified the ring of Zypayci {rPois EV+6 Dex+5}
 89525 | Depths:3 | Voluntarily entered the Abyss.
 90347 | Depths:3 | Escaped the Abyss
 90351 | Depths:3 | Voluntarily entered the Abyss.
 91374 | Abyss:4  | Found a corrupted altar of Lugonu.
 91393 | Abyss:5  | Entered Level 5 of the Abyss
 91396 | Abyss:5  | Got an abyssal rune of Zot
 91506 | Depths:3 | Escaped the Abyss
 91675 | Depths:5 | Entered Level 5 of the Depths
 92253 | Depths:5 | Reached skill level 26 in Spellcasting
 92672 | Depths:5 | Identified the ring of Imafimp {Wiz rPois Str+2 Int+2 Dex+3} (You took it off a purple draconian on level 5 of the Depths)
 93147 | Depths:5 | Found Ruemeyf's Jewellery Shop.
 93152 | Depths:5 | Found Muzxutei's Gadget Emporium.
 93153 | Depths:5 | Found Oddyatiz's Jewellery Shop.
 93198 | Depths:5 | Paralysed by a floating eye for 2 turns
 93545 | Depths:5 | Found a gate to the Realm of Zot.
 93573 | Depths:5 | Reached skill level 15 in Long Blades
 93604 | Depths:5 | Upgraded the game from 0.19.0-22-gd96e5fe to 0.19.0-24-gb05acd6
 94155 | D:14     | Learned a level 4 spell: Passage of Golubria
 94358 | Zig:1    | Entered Level 1 of a ziggurat
 94381 | Zig:2    | Entered Level 2 of a ziggurat
 94521 | Zig:3    | Entered Level 3 of a ziggurat
 94536 | Zig:3    | Reached skill level 1 in Translocations
 94657 | Zig:4    | Entered Level 4 of a ziggurat
 94663 | Zig:4    | Noticed Ownezuoq the pandemonium lord
 94671 | Zig:4    | Killed Ownezuoq the pandemonium lord
 94858 | Zig:5    | Entered Level 5 of a ziggurat
 95050 | Zig:6    | Entered Level 6 of a ziggurat
 95128 | Zig:7    | Entered Level 7 of a ziggurat
 95156 | Zig:7    | Identified the +3 hand axe of Fenia {flame, rElec rF- rC- Str+5}
 95197 | Zig:7    | Identified the Incunabulum of Damage Dealing
 95323 | Zig:8    | Entered Level 8 of a ziggurat
 95472 | Zig:8    | Lost mutation: You tend to lose your temper in combat. [evolution]
 95472 | Zig:8    | Lost mutation: You evolve. [end of evolution]
 95541 | Zig:9    | Entered Level 9 of a ziggurat
 95551 | Zig:9    | Noticed a juggernaut
 95558 | Zig:9    | Killed a juggernaut
 95598 | Zig:9    | Identified the +4 trident of Qap Memm {pierce, Dex+4}
 95783 | Zig:9    | Identified Agariops's Tome of Spatial Feathers
 95802 | Zig:10   | Entered Level 10 of a ziggurat
 96185 | Elf:1    | Bought a potion of beneficial mutation for 420 gold pieces
 96185 | Elf:1    | Gained mutation: You are robust. (+10% HP) [potion of beneficial mutation]
 96757 | Zot:1    | Entered Level 1 of the Realm of Zot
 97850 | Zot:4    | Reached skill level 15 in Shields
 97966 | Zot:4    | Reached skill level 27 in Spellcasting
 98011 | Zot:5    | Entered Level 5 of the Realm of Zot
 98577 | Zot:5    | Noticed an orb of fire
 98597 | Zot:5    | Lost mutation: You are robust. (+10% HP) [an orb of fire]
 99857 | Zot:5    | Reached skill level 5 in Armour
 99984 | Zot:5    | Noticed an ancient lich
 99989 | Zot:5    | Killed an ancient lich
100481 | Zot:5    | Noticed an ancient lich
100485 | Zot:5    | Killed an ancient lich
100559 | Zot:5    | Noticed an ancient lich
100563 | Zot:5    | Killed an ancient lich
100829 | Zot:5    | Noticed an orb of fire
100845 | Zot:5    | Noticed an orb of fire
100856 | Zot:5    | Killed an orb of fire
101074 | Zot:5    | Noticed an orb of fire
101074 | Zot:5    | Gained mutation: You are weak. (Str -2) [an orb of fire]
101363 | Zot:5    | Killed an orb of fire
102261 | Zot:5    | Killed an orb of fire
102261 | Zot:5    | Reached skill level 15 in Charms
102422 | Zot:5    | Noticed an orb of fire
102429 | Zot:5    | Gained mutation: You are dopey. (Int -2) [an orb of fire]
102431 | Zot:5    | Gained mutation: Your body sometimes deteriorates upon taking damage. [an orb of fire]
102432 | Zot:5    | Killed an orb of fire
102433 | Zot:5    | Lost mutation: You are dopey. (Int -2) [potion of cure mutation]
102433 | Zot:5    | Lost mutation: Your system is resistant to poisons. (rPois) [potion of cure mutation]
102433 | Zot:5    | Lost mutation: Your body sometimes deteriorates upon taking damage. [potion of cure mutation]
102433 | Zot:5    | Lost mutation: You are weak. (Str -2) [potion of cure mutation]
102433 | Zot:5    | Lost mutation: You are clumsy. (Dex -2) [potion of cure mutation]
102507 | Zot:5    | Gained mutation: Scrolls take you a little longer to read. [an orb of fire]
102798 | Zot:4    | Gained mutation: You expend magic power (3 MP) to strengthen your wands. [an orb of fire]
102803 | Zot:4    | Killed an orb of fire
103101 | Zot:2    | Noticed nht's ghost (legendary TrBe)
103146 | Zot:2    | Killed nht's ghost
103335 | Zot:2    | Reached skill level 10 in Necromancy
103516 | Zot:5    | Noticed an orb of fire
103558 | Zot:5    | Killed an orb of fire
104489 | Zot:5    | Lost mutation: Scrolls take you a little longer to read. [potion of cure mutation]
104489 | Zot:5    | Lost mutation: You are partially covered in iridescent scales. (AC +2) [potion of cure mutation]
104489 | Zot:5    | Lost mutation: You have sharp toenails. [potion of cure mutation]
104489 | Zot:5    | Lost mutation: You expend magic power (3 MP) to strengthen your wands. [potion of cure mutation]
104491 | Zot:5    | Noticed an orb of fire
104518 | Zot:5    | Killed an orb of fire
104642 | Zot:5    | Got the Orb of Zot
104643 | Zot:5    | Noticed an orb of fire
104922 | Zot:1    | Noticed Tyojil the pandemonium lord
105342 | D:8      | Noticed Ceshaitua the pandemonium lord
105403 | D:7      | Noticed Naisih Ikhe the pandemonium lord
105549 | D:$      | Escaped with the Orb!

Skill      XL: |  1  2  3  4  5  6  7  8  9 10 11 12 13 14 15 16 17 18 19 20 21 22 23 24 25 26 27 |
---------------+----------------------------------------------------------------------------------+-----
Conjurations   | 5 6 7 8 10 11 12 13 14 15 16 17 19 | 19.5
Stealth        | 3 4 5 7 8 9 10 11 12 13 14 15 17 | 17.5
Spellcasting   | 3 4 5 7 8 10 11 12 14 15 17 18 19 20 21 22 23 24 25 27 | 27.0
Short Blades   | 1 2 3 4 5 6 7 8 9 10 7 |  7.7
Dodging        | 3 4 5 6 7 8 9 10 11 14 | 14.7
Hexes          | 1 2 4 5 6 |  6.8
Fighting       | 1 2 3 4 5 8 9 11 12 14 | 14.6
Charms         | 7 8 9 10 11 12 13 14 15 | 15.4
Air Magic      | 4 5 6 7 9 10 11 13 15 16 17 18 20 | 20.4
Summonings     | 3 4 0 1 2 3 |  3.7
Evocations     | 1 2 |  2.4
Shields        | 6 9 10 11 12 13 16 | 16.0
Necromancy     | 1 2 3 4 5 8 9 5 10 | 10.7
Long Blades    | 8 10 11 12 13 14 16 | 16.4
Fire Magic     | 2 3 |  3.0
Armour         | 2 3 6 |  6.0
Earth Magic    | 9 10 | 10.5
Translocations | 2 |  2.6

Action                   |  1- 3 |  4- 6 |  7- 9 | 10-12 | 13-15 | 16-18 | 19-21 | 22-24 | 25-27 || total
-------------------------+-------+-------+-------+-------+-------+-------+-------+-------+-------++-------
Melee: Short sword       |    37 |    50 |   166 |   203 |   680 |   542 |   349 |       |       ||  2027
       Dagger            |       |       |     1 |       |       |       |       |       |       ||     1
       Kick              |       |       |       |       |   169 |   170 |   265 |       |       ||   604
       Long sword        |       |       |       |       |       |       |   799 |  1139 |  3040 ||  4978
 Cast: Magic Dart        |    57 |    96 |   188 |   300 |   472 |   287 |   203 |    55 |   107 ||  1765
       Dazzling Spray    |       |     9 |    26 |    75 |   193 |    63 |    53 |    35 |    26 ||   480
       Iskenderun's Myst |       |       |     9 |     8 |    48 |    47 |    77 |   124 |   398 ||   711
       Iskenderun's Batt |       |       |    11 |    86 |   157 |   124 |   136 |    99 |   214 ||   827
       Summon Lightning  |       |       |       |     6 |    25 |    17 |    47 |    34 |    35 ||   164
       Deflect Missiles  |       |       |       |     1 |     3 |     2 |     8 |     7 |    13 ||    34
       Mephitic Cloud    |       |       |       |       |    35 |    81 |   125 |    81 |   129 ||   451
       Animate Skeleton  |       |       |       |       |    67 |    57 |   144 |    23 |    37 ||   328
       Cause Fear        |       |       |       |       |     3 |     3 |     1 |     4 |     2 ||    13
       Ozocubu's Armour  |       |       |       |       |     6 |    12 |    27 |    21 |     2 ||    68
       Airstrike         |       |       |       |       |     5 |   124 |   352 |   230 |   326 ||  1037
       Apportation       |       |       |       |       |     2 |       |     1 |       |       ||     3
       Regeneration      |       |       |       |       |       |     5 |    42 |    11 |    35 ||    93
       Fireball          |       |       |       |       |       |       |     5 |    11 |    15 ||    31
       Dispel Undead     |       |       |       |       |       |       |     2 |   165 |   109 ||   276
       Animate Dead      |       |       |       |       |       |       |    57 |    60 |   161 ||   278
       Shroud of Golubri |       |       |       |       |       |       |     6 |    17 |    57 ||    80
       Control Undead    |       |       |       |       |       |       |       |    42 |    20 ||    62
       Bolt of Draining  |       |       |       |       |       |       |       |       |   196 ||   196
       Swiftness         |       |       |       |       |       |       |       |       |     8 ||     8
       Sticky Flame      |       |       |       |       |       |       |       |       |    28 ||    28
       Lee's Rapid Decon |       |       |       |       |       |       |       |       |    58 ||    58
       Lightning Bolt    |       |       |       |       |       |       |       |       |     1 ||     1
       Blink             |       |       |       |       |       |       |       |       |     2 ||     2
       Passage of Golubr |       |       |       |       |       |       |       |       |     1 ||     1
Invok: Curse Item        |       |       |     4 |     4 |       |     3 |     3 |       |    10 ||    24
       Scrying           |       |       |       |       |       |     1 |       |       |     1 ||     2
       Transfer Knowledg |       |       |       |       |       |     1 |     1 |       |     2 ||     4
 Abil: Evoke Flight      |       |       |       |       |       |       |    10 |       |       ||    10
Evoke: Wand              |       |       |       |     1 |       |       |     1 |     4 |    22 ||    28
       Lamp of fire      |       |       |       |       |       |     2 |       |       |     1 ||     3
       Sack of spiders   |       |       |       |       |       |       |     2 |       |       ||     2
       Fan of gales      |       |       |       |       |       |       |       |       |     1 ||     1
  Use: Scroll            |     5 |     4 |     5 |     9 |     3 |    19 |    15 |     8 |    37 ||   105
       Potion            |       |     1 |     3 |     3 |     3 |     3 |     2 |     4 |     8 ||    27
 Stab: Sleeping          |     5 |     1 |     6 |    12 |    16 |    29 |    20 |    42 |    20 ||   151
       Invisible         |       |     3 |     2 |     7 |    17 |     7 |    12 |     8 |     3 ||    59
       Paralysed         |       |       |     1 |       |       |       |       |       |       ||     1
       Distracted        |       |       |       |     1 |     3 |     9 |    27 |    19 |    79 ||   138
       Confused          |       |       |       |       |    13 |    39 |    62 |    92 |   142 ||   348
       Fleeing           |       |       |       |       |       |     1 |       |       |       ||     1
  Eat: Chunk             |     2 |     8 |    17 |    40 |    54 |    36 |    50 |    24 |    37 ||   268
       Pizza             |       |       |     1 |     1 |       |       |     1 |     1 |     1 ||     5
       Bread ration      |       |       |     1 |       |       |       |       |     2 |     8 ||    11
       Fruit             |       |       |       |     3 |       |       |     4 |       |     3 ||    10
       Beef jerky        |       |       |       |     1 |     6 |       |       |     2 |     2 ||    11
       Meat ration       |       |       |       |       |       |     2 |       |     2 |     4 ||     8
       Royal jelly       |       |       |       |       |       |       |     1 |     1 |     4 ||     6
Armor: Robe              |     2 |     9 |    24 |    22 |    39 |    50 |   103 |   114 |    12 ||   375
       Mottled dragon sc |       |       |       |       |       |       |       |       |   546 ||   546
Dodge: Dodged            |    27 |    36 |   111 |   116 |   191 |   216 |   424 |   494 |  2326 ||  3941
       Deflected         |       |       |       |       |    17 |    14 |    69 |    37 |   137 ||   274
Block: Large shield      |       |       |       |    15 |   437 |   117 |       |       |       ||   569
       Shield            |       |       |       |       |       |   244 |   683 |   768 |  1871 ||  3566
       Reflection        |       |       |       |       |       |     1 |   142 |    83 |     7 ||   233
       Buckler           |       |       |       |       |       |       |       |       |   485 ||   485
       Rpst.: Long sword |       |       |       |       |       |       |    61 |    94 |   432 ||   587
